 Dungeon Crawl Stone Soup version 0.28.0-53-g5a82cb258f (webtiles) character file.

Game seed: 795927202117482725

23 Legadrian the Skirmisher (level 2, -13/20 HPs)
             Began as a Gargoyle Fighter on July 4, 2022.
             Killed by an exploding jackal (32 damage)
             ... ignited by their inner flame
             ... on level 1 of the Dungeon.
             The game lasted 00:03:11 (739 turns).

Legadrian the Skirmisher (Gargoyle Fighter)          Turns: 739, Time: 00:03:12

Health: -13/20     AC:  9    Str: 19    XL:     2   Next: 95%
Magic:  2/2        EV:  9    Int:  8    God:
Gold:   46         SH:  4    Dex:  9    Spells: 1/1 levels left

rFire   . . .      SeeInvis .   a - +0 flail
rCold   . . .      Faith    .   c - +0 buckler
rNeg    + . .      Spirit   .   b - +0 scale mail
rPois   ∞          Reflect  .   (no helmet)
rElec   +          Harm     .   (no cloak)
rCorr   .          Rampage  .   (no gloves)
Will    .....                   (no boots)
Stlth   ..........              (no amulet)
HPRegen 0.06/turn               (no ring)
MPRegen 0.08/turn               (no ring)

@: no status effects
A: sickness immunity, AC +2, negative energy resistance 1, electricity
resistance, torment resistance 1, petrification resistance
a: no special abilities


You were on level 1 of the Dungeon.
You visited 1 branch of the dungeon, and saw 2 of its levels.

You collected 46 gold pieces.

Inventory:

Hand Weapons
 a - a +0 flail (weapon)
Armour
 b - a +0 scale mail (worn)
 c - a +0 buckler (worn)
Potions
 d - a potion of might
 e - a potion of brilliance {unknown}
 f - a potion of flight {unknown}


   Skills:
 + Level 3.9 Fighting
 + Level 2.7 Maces & Flails
 - Level 3.2 Armour
 - Level 3.2 Shields


You had one spell level left.
You didn't know any spells.
Your spell library was empty.

Dungeon Overview and Level Annotations

Branches:
Dungeon (2/15)

Altars:

Shops:
D:1 (=(

Annotations:
D:2 Jessica


Innate Abilities, Weirdness & Mutations

You are immune to sickness and miasma.
Your stone body is resilient. (AC +2)
You are immune to poison.
You resist negative energy. (rN+)
You are resistant to electric shocks. (rElec)
You are resistant to unholy torment.
You are immune to petrification.


Message History

A rat comes into view.
You see here a jackal corpse.
You sock the jackal!
You kill the jackal!
The jackal barely misses you.
You hit the jackal.
The jackal is lightly wounded.
The jackal bites you but does no damage.
The goblin hits you but does no damage.
You barely miss the jackal.
The jackal is lightly wounded.
You block the jackal's attack.
The jackal bites you but does no damage. x2
You block the jackal's attack. The goblin barely misses you.
You hit the jackal but do no damage.
The jackal is lightly wounded.
The jackal bites you. The jackal barely misses you.
The goblin hits you with a +0 club.
The jackal bites you but does no damage.
The jackal closely misses you. The goblin hits you but does no damage.
As you read the scroll labelled GAURRU WEPP, it crumbles to dust.
The creatures around you are filled with an inner flame!
It was a scroll of immolation.
The jackal bites you but does no damage.
The jackal closely misses you. The jackal barely misses you.
The goblin hits you but does no damage. You block the jackal's attack.
You see here a bat corpse.
The jackal bites you but does no damage.
The jackal bites you but does no damage.
You block the jackal's attack.
The rat twitches its whiskers.
The jackal bites you but does no damage.
Things that are here:
a +0 whip; 3 stones; a kobold corpse You sock the jackal!
The jackal explodes!
The fiery explosion engulfs the goblin!
The fiery explosion engulfs you!!
Ouch! That really hurt!
You die...

###### #....# ##. #....# #..
#....# ##### #.. ######## #..[(#
#...# #.. .......# #....# #...#
#..
.....#.#####..§§#########...###..
.....+.....hr.§.@............##..
.....#.#####################.##..
######..# #.###. #######g######
#######.###. .....h†r.......
............ #####r..####..∩
###.......## #....# #.......#
....... #.......# ........#
#.......#


You could see a jackal (inner flame) and a rat (inner flame).

Vanquished Creatures
  4 bats (D:1)
  An endoplasm (D:1)
  A giant cockroach (D:2)
  A goblin (D:1)
  2 hobgoblins
  3 jackals (D:1)
  2 quokkas (D:1)
  A ball python (D:2)
  A frilled lizard (D:1)
  4 kobolds
  3 rats
23 creatures vanquished.

Notes
Turn   | Place    | Note
-------+----------+-------------------------------------------
     0 | D:1      | Legadrian the Gargoyle Fighter began the quest for the Orb.
     0 | D:1      | Reached XP level 1. HP: 14/14 MP: 1/1
    42 | D:1      | Found Raesiur's Jewellery Boutique.
    73 | D:1      | Found Lytwex's Weapon Shop.
   136 | D:1      | Reached XP level 2. HP: 19/19 MP: 2/2
   516 | D:2      | Noticed Jessica
   718 | D:1      | Found Cian's Weapon Emporium.
   739 | D:1      | Killed by an exploding jackal... ignited by their inner
                  | flame

Illustrated notes

Levels and vault maps discovered:
D:1:      dpeg_arrival_simpleton_c, layout_basic, serial_shops,
          nicolae_shop_bloodbath_and_beyond, shop, shop
D:2:      layout_basic, uniq_jessica

Action                   || total
-------------------------++-------
Melee: Flail             ||    73
  Use: Scroll            ||     1
Armor: Scale mail        ||    50
Dodge: Dodged            ||    49
Block: Buckler           ||    24
